 Dungeon Crawl Stone Soup version 0.16.1-18-g436b03c (webtiles) character file.

64 MiracleMan the Stinger (level 3, 0/26 HPs)
             Began as a Demigod Wanderer on May 9, 2015.
             Succumbed to poison (a potion of poison)
             ... on level 2 of the Dungeon.
             The game lasted 00:07:33 (2745 turns).

MiracleMan the Stinger (Demigod Wanderer)           Turns: 2745, Time: 00:07:33

Health: 0/26       AC:  2    Str: 16    XL:     3   Next: 64%
Magic:  5/7        EV: 11    Int: 16    God:
Gold:   29         SH:  0    Dex: 16    Spells: 2 memorised, 1 level left

rFire  . . .     SeeInvis .       - Unarmed
rCold  . . .     Clarity  .     d - +0 robe
rNeg   . . .     SustAb   +     (no shield)
rPois  .         Gourm    .     (no helmet)
rElec  .         Spirit   .     (no cloak)
rCorr  .         Warding  .     (no gloves)
rMut   .         Stasis   .     (no boots)
MR     .....                    (no amulet)
Stlth  +.........               (no ring)
                                (no ring)

@: lethally poisoned (0 -> -6), very slightly contaminated, hasted, very quick,
not resistant to hostile enchantments, very unstealthy
A: sustain abilities
a: no special abilities


You were on level 2 of the Dungeon.
You were not hungry.

You visited 1 branch of the dungeon, and saw 2 of its levels.

You collected 29 gold pieces.

Inventory:

Hand weapons
 e - a +0 club
 f - a +0 club
   (You took it off a hobgoblin on level 1 of the Dungeon)
 g - a +0 short sword
   (You took it off a kobold on level 1 of the Dungeon)
 h - a +0 club
   (You took it off a kobold on level 1 of the Dungeon)
 i - a +0 hunting sling
   (You found it on level 1 of the Dungeon)
 k - a +0 club
   (You took it off a goblin on level 1 of the Dungeon)
 m - a +0 short sword
   (You took it off a kobold on level 1 of the Dungeon)
 q - a +0 hunting sling
   (You found it on level 2 of the Dungeon)
 u - a +0 club
   (You took it off a goblin on level 2 of the Dungeon)
Missiles
 j - 24 stones (quivered)
Armour
 d - a +0 robe (worn)
 l - a +0 ring mail
   (You found it on level 1 of the Dungeon)
Scrolls
 o - a scroll of amnesia
 r - 2 scrolls of magic mapping {!r}
 s - a scroll of immolation {unknown}
Books
 a - a book of Necromancy
 b - the Compendium of Blistering Combat Magic

   Spells                             Type                      Level
   a - Flame Tongue                   Conjuration/Fire             1
   b - Throw Flame                    Conjuration/Fire             2
 c - Alistair's Grimoire of Venom

   Spells                             Type                      Level
   a - Sting                          Conjuration/Poison           1
   b - Spider Form                    Transmutation/Poison         3
Comestibles
 p - 5 chunks of flesh {@w0}
 t - a slice of pizza


   Skills:
   Level 1.0 Shields
 - Level 1.9 Unarmed Combat
 - Level 1.7 Spellcasting
   Level 1.7 Necromancy
   Level 1.7 Fire Magic
   Level 1.7 Earth Magic
 + Level 2.4 Poison Magic
   Level 1.0 Evocations


You had one spell level left.
You knew the following spells:

 Your Spells              Type           Power        Failure   Level  Hunger
a - Sting                 Conj/Pois      #...         14%         1    ##.....
c - Spider Form           Trmt/Pois      #.........   38%         3    ####...


Dungeon Overview and Level Annotations

Branches:
Dungeon (2/15)


Innate Abilities, Weirdness & Mutations

Your attributes are resistant to harm.


Message History

You now have 6/7 mp.
Unknown command.
The goblin hits you with a club.
You take 2 damage, and have 24/26 hp.
You hit the goblin.
You kill the goblin!
u - a club You see here a goblin corpse.
You see here a goblin corpse.
You butcher the goblin corpse.
p - 5 chunks of flesh {@w0} (gained 2)
You see here a goblin skeleton.
v - an orange potion MP restored: 7
There are no items here.
An adder comes into view.
You see here a leather armour.
An adder is nearby!
Aim: an adder The sting hits the adder.
The adder is poisoned.
You now have 6/7 mp.
Aim: an adder (moderately wounded, poisoned)
The sting hits the adder.
The adder closely misses you.
You now have 5/7 mp.
Unknown command.
You closely miss the adder. The adder bites you.
You are poisoned.
The adder poisons you!
You take 3 damage, and have 22/26 hp.
You feel sick. The adder bites you.
You are more poisoned.
The adder poisons you!
You take 2 damage, and have 20/26 hp.
You feel sick.
You take 1 damage, and have 19/26 hp.
You feel sick.
The adder looks more healthy.
The adder closely misses you.
You take 1 damage, and have 18/26 hp.
You feel sick.
You take 1 damage, and have 17/26 hp.
You see here a goblin skeleton.
You feel sick.
You take 1 damage, and have 17/26 hp.
The adder bites you but does no damage.
Aim: an adder (almost dead)
The sting misses the adder.
You feel sick. The adder bites you.
You take 4 damage, and have 13/26 hp.
You now have 5/7 mp.
Unknown command.
Aim: an adder (almost dead)
The sting misses the adder.
The adder barely misses you.
You now have 4/7 mp.
Unknown command.
Aim: an adder (almost dead)
The sting hits the adder.
You kill the adder!
You feel sick.
You take 1 damage, and have 12/26 hp.
You now have 3/7 mp.
Unknown command.
Drink which item? (? for menu, Esc to quit)
It was a potion of poison.
That liquid tasted very nasty...
You are lethally poisoned!
You feel sick.
You take 1 damage, and have 11/26 hp.
Drink which item? (? for menu, Esc to quit)
You feel yourself speed up.
You feel sick.
You are very lightly contaminated with residual magic.
You take 1 damage, and have 10/26 hp.
You feel sick.
You take 1 damage, and have 9/26 hp.
You feel sick.
You take 1 damage, and have 8/26 hp.
* * * LOW HITPOINT WARNING * * *
You feel sick.
You take 1 damage, and have 7/26 hp.
* * * LOW HITPOINT WARNING * * *
You feel sick.
You take 1 damage, and have 6/26 hp.
Unknown command.
* * * LOW HITPOINT WARNING * * *
You feel sick.
You take 1 damage, and have 5/26 hp.
* * * LOW HITPOINT WARNING * * *
You feel sick.
You take 1 damage, and have 5/26 hp.
* * * LOW HITPOINT WARNING * * *
You feel sick.
There is a stone staircase leading down here.
You take 1 damage, and have 4/26 hp.
* * * LOW HITPOINT WARNING * * *
You feel sick.
Unknown command.
You take 1 damage, and have 3/26 hp.
* * * LOW HITPOINT WARNING * * *
You feel sick.
You take 1 damage, and have 2/26 hp.
* * * LOW HITPOINT WARNING * * *
You feel sick.
You take 1 damage, and have 1/26 hp.
Unknown command.
You die...

.....# #.##.# .....#
#.##.# .....# #.#..#
.....## #.#.##
......# #.#.#
......# #.#.#
......+ #.#.#
......##########.#.#
.......>........@#.#
......############.#
......# #<# ......#
### ####### # # #


There were no monsters in sight!

Vanquished Creatures
  2 adders
  A giant mite (D:1)
  2 worms
  3 giant geckos (D:1)
  3 goblins
  2 hobgoblins (D:1)
  3 jackals (D:1)
  5 kobolds (D:1)
  3 bats
  3 giant cockroaches (D:1)
  A giant newt (D:1)
  7 rats (D:1)
35 creatures vanquished.

Notes
Turn   | Place    | Note
--------------------------------------------------------------
     0 | D:1      | MiracleMan, the Demigod Wanderer, began the quest for the Orb.
     0 | D:1      | MiracleMan set off with: a book of Necromancy, the Compendium of Blistering Combat Magic, Alistair's Grimoire of Venom, a +0 robe, a +0 club, a bread ration {@e1}
     0 | D:1      | Reached XP level 1. HP: 14/14 MP: 3/3
     0 | D:1      | Identified the Compendium of Blistering Combat Magic
     0 | D:1      | Identified Alistair's Grimoire of Venom
   283 | D:1      | Learned a level 1 spell: Sting
   593 | D:1      | Reached skill level 1 in Unarmed Combat
   845 | D:1      | Reached XP level 2. HP: 12/20 MP: 0/4
  1144 | D:1      | Reached skill level 1 in Poison Magic
  1751 | D:1      | HP: 5/20 [giant mite (2)]
  1812 | D:1      | Reached XP level 3. HP: 19/26 MP: 0/7
  1911 | D:1      | HP: 6/26 [jackal (1)]
  2366 | D:1      | Reached skill level 2 in Poison Magic
  2686 | D:2      | Learned a level 3 spell: Spider Form
  2730 | D:2      | HP: 6/26 [poison (a potion of poison)]
  2735 | D:2      | HP: 4/26 [poison (a potion of poison)]
  2740 | D:2      | HP: 2/26 [poison (a potion of poison)]
  2745 | D:2      | Succumbed to poison (a potion of poison)

Action                   || total
-------------------------++-------
Melee: Club              ||    67
       Unarmed           ||    20
 Cast: Sting             ||    60
  Use: Potion            ||     5
       Scroll            ||     4
 Stab: Sleeping          ||     1
  Eat: Chunk             ||     3
       Beef jerky        ||     1
       Bread ration      ||     1

Vault maps used:
D:1:      scummos_arrival_checkerplants

Table legend:
 A = Turns spent in this place as a percentage of turns spent in the entire game.
 B = Non-inter-level travel turns spent in this place as a percentage of non-inter-level travel turns spent in the entire game.
 C = Inter-level travel turns spent in this place as a percentage of turns spent in this place.
 D = Turns resting spent in this place as a percentage of non-inter-level travel turns spent in this place.
 E = Turns spent auto-exploring this place as a percentage of non-inter-level travel turns spent in this place.
 F = Non-inter-level travel turns spent in this place divided by the number of levels of this place that you've seen.
                   A       B       C       D       E      F
               +-------+-------+-------+-------+-------+----------------------
         Total | 100.0 | 100.0 |   0.5 |   6.6 |   3.5 | 404.5
       Dungeon | 100.0 | 100.0 |   0.5 |   6.6 |   3.5 | 404.5
               +-------+-------+-------+-------+-------+----------------------

Table legend:
 A = Kills in this place as a percentage of kills in entire the game.
 B = Kills by you in this place as a percentage of kills by you in the entire game.
 C = Kills by friends in this place as a percentage of kills by friends in the entire game.
 D = Other kills in this place as a percentage of other kills in the entire game.
 E = Experience gained in this place as a percentage of experience gained in the entire game.
 F = Experience gained in this place divided by the number of levels of this place that you have seen.
                   A       B       C       D       E      F
               +-------+-------+-------+-------+-------+----------------------
         Total | 100.0 | 100.0 |  -nan |  -nan | 100.0 |  46.0
       Dungeon | 100.0 | 100.0 |  -nan |  -nan | 100.0 |  46.0
               +-------+-------+-------+-------+-------+----------------------
